 Dungeon Crawl Stone Soup version 0.14.1-24-gbdbe590 (webtiles) character file.

134 NTRAFF the Ruinous (level 3, 0/21 HPs)
             Began as a High Elf Conjurer on June 27, 2014.
             Killed from afar by NTRAFF's ghost (19 damage)
             ... with an orb of energy
             ... on Level 3 of the Dungeon.
             The game lasted 00:06:36 (1924 turns).

NTRAFF the Ruinous (High Elf Conjurer)              Turns: 1924, Time: 00:06:37

HP   0/21        AC  3     Str  7      XL: 3   Next: 83%
MP   5/11        EV 10     Int 20      God:
Gold 73          SH  0     Dex 15      Spells:  3 memorised,  4 levels left

rFire  . . .     SeeInvis .     a - +0,+1 dagger
rCold  . . .     Clarity  .     g - +0 leather armour (curse)
rNeg   . . .     Conserve .     (no shield)
rPois  .         rCorr    .     (no helmet)
rElec  .         rRot     .     (no cloak)
SustAb . .       Spirit   .     (no gloves)
rMut   .         Warding  .     (no boots)
Saprov . . .     Stasis   .     (no amulet)
MR     .....                    (no ring)
                                (no ring)

@: not resistant to hostile enchantments, fairly stealthy
A: no striking features
a: no special abilities


You were on level 3 of the Dungeon.
You were hungry.

You visited 1 branch of the dungeon, and saw 3 of its levels.

You collected 73 gold pieces.

Inventory:

Hand weapons
 a - a +0,+1 dagger (weapon)
Missiles
 n - 20 poisoned needles
Armour
 d - a +1 leather armour
 g - a cursed +0 leather armour (worn)
Comestibles
 b - 2 bread rations
 f - a beef jerky
 k - a slice of pizza
Scrolls
 e - a scroll of teleportation
 m - 2 scrolls of fear
Potions
 h - a potion of heal wounds {unknown}
 i - a potion of flight {unknown}
 j - a potion of resistance {unknown}
 l - a potion of curing {unknown}
 o - a potion of agility {unknown}
Books
 c - a book of Conjurations

   Spells                             Type                      Level
   *Magic Dart                        Conjuration                  1
   *Searing Ray                       Conjuration                  2
   *Dazzling Spray                    Conjuration/Hexes            3
   Fulminant Prism                    Conjuration/Hexes            4
   Iskenderun's Mystic Blast          Conjuration                  4
   Iskenderun's Battlesphere          Conjuration/Charms           5


   Skills:
 + Level 0.1 Armour
 - Level 2.1 Dodging
 - Level 2.1 Stealth
 - Level 4.0 Spellcasting
 - Level 5.0 Conjurations


You had 4 spell levels left.
You knew the following spells:

 Your Spells              Type           Power        Failure   Level  Hunger
a - Magic Dart            Conj           ###.         1%          1    None
b - Searing Ray           Conj           ###...       2%          2    #......
c - Dazzling Spray        Conj/Hex       ##......     14%         3    ###....


Dungeon Overview and Level Annotations

Branches:
Dungeon (3/15)

Altars:

Annotations:
D:3 NTRAFF's ghost, average HECj


Message History

Aim: a quokka (almost dead)
The magic dart hits the quokka.
You kill the quokka!
NTRAFF's ghost (average High Elf Conjurer) comes into view.
NTRAFF's ghost turns its malevolent gaze towards you.
You see here a whip.
You see here a slice of pizza.
k - a slice of pizza
Casting: Magic Dart
Confirm with . or Enter, or press ? or * to list all spells.
Aiming: Dazzling Spray
Press: ? - help, Shift-Dir - straight line, f - NTRAFF's ghost
Aim: NTRAFF's ghost The spray of energy hits NTRAFF's ghost.
NTRAFF's ghost is lightly damaged.
You are feeling hungry.
NTRAFF's ghost gestures at you while chanting.
The orb of energy hits you!
Ouch! That really hurt!
You die...

### ..# #.# #.# #
#.#
....##.###.######..#
#.......<..p@......#
##...#.###.#######.#
. .. #.# ... #.# ...
#.# . #.. ... ###


You could see NTRAFF's ghost.

Vanquished Creatures
  An adder (D:2)
  An inept item mimic (D:2)
  A giant gecko (D:1)
  4 bats
  4 giant cockroaches
  6 hobgoblins
  A quokka (D:3)
  5 giant newts
  5 goblins
  5 jackals
  6 kobolds
  7 rats
46 creatures vanquished.

Notes
Turn   | Place    | Note
--------------------------------------------------------------
     0 | D:1      | NTRAFF, the High Elf Conjurer, began the quest for the Orb.
     0 | D:1      | Reached XP level 1. HP: 11/11 MP: 4/4
   293 | D:1      | Reached XP level 2. HP: 17/17 MP: 4/7
   297 | D:1      | Learned a level 2 spell: Searing Ray
   856 | D:2      | Reached XP level 3. HP: 21/21 MP: 2/11
  1179 | D:2      | Learned a level 3 spell: Dazzling Spray
  1803 | D:2      | Reached skill level 5 in Conjurations
  1919 | D:3      | Noticed NTRAFF's ghost (average HECj)
  1924 | D:3      | Killed from afar by NTRAFF's ghost

Action                   || total
-------------------------++-------
Melee: Dagger            ||    13
 Cast: Magic Dart        ||    80
       Dazzling Spray    ||     1
       Searing Ray       ||     1
  Use: Scroll            ||     3
 Stab: Sleeping          ||     1
